 Dungeon Crawl Stone Soup version 0.29-a0-876-gfc89b1a5bd (webtiles) character file.

Game seed: 12724577049236295621

79 raph the Sneak (level 4, -4/21 HPs)
             Began as a Spriggan Venom Mage on July 19, 2022.
             Killed from afar by Ijyb (9 damage)
             ... with a puff of flame
             ... on level 3 of the Dungeon.
             The game lasted 00:04:07 (2408 turns).

raph the Sneak (Spriggan Venom Mage)                Turns: 2408, Time: 00:04:08

Health: -4/21      AC:  2    Str:  4    XL:     4   Next: 16%
Magic:  5/10       EV: 18    Int: 18    God:
Gold:   174        SH:  0    Dex: 15    Spells: 3/9 levels left

rFire   . . .      SeeInvis +   p - +0 dagger (speed)
rCold   . . .      Faith    .   (no shield)
rNeg    . . .      Spirit   .   a - +0 robe
rPois   .          Reflect  .   (helmet restricted)
rElec   .          Harm     .   (no cloak)
rCorr   .          Rampage  .   (gloves unavailable)
Will    .....                   (boots unavailable)
Stlth   +++.......              (no amulet)
HPRegen 0.07/turn               (no ring)
MPRegen 0.12/turn               (no ring)

@: very quick
A: very small, no large weapons, unfitting armour, see invisible, speed 3
a: no special abilities


You were on level 3 of the Dungeon.
You visited 1 branch of the dungeon, and saw 3 of its levels.

You collected 174 gold pieces.

Inventory:

Hand Weapons
 f - a +2 hand axe of electrocution
 h - a +2 dagger of holy wrath
 k - a +0 dagger
 p - a +0 dagger of speed (weapon)
Armour
 a - a +0 robe (worn)
Jewellery
 r - a ring of fire
Scrolls
 i - a scroll of identify
Potions
 b - 2 potions of magic
 c - a potion of heal wounds
 d - a potion of mutation
 e - 2 potions of curing
 g - a potion of lignification
 j - a potion of berserk rage
 n - a potion of degeneration {unknown}
 q - 2 potions of ambrosia


   Skills:
 + Level 3.4 Dodging
 + Level 4.0 Stealth
 + Level 3.3 Spellcasting
 + Level 2.5 Transmutations
 + Level 0.5 Air Magic
 + Level 3.4 Poison Magic


You had 3 spell levels left.
You knew the following spells:

 Your Spells              Type           Power      Damage    Failure   Level
a - Sting                 Tmut/Pois      52%        1d5       4%          1
b - Poisonous Vapours     Pois/Air       20%        N/A       11%         2
c - Mephitic Cloud        Conj/Pois/Air  7%         N/A       26%         3

Your spell library contained the following spells:

 Spells                   Type           Power      Damage    Failure   Level
 Olgreb's Toxic Radiance  Pois           15%        N/A       36%         4


Dungeon Overview and Level Annotations

Branches:
Dungeon (3/15)

Altars:

Annotations:
D:3 3 runed translucent doors, Ijyb; Ymberto's ghost, amateur HOFi


Innate Abilities, Weirdness & Mutations

You are very small and have problems with some larger weapons.
You are too small for most types of armour.
You have supernaturally acute eyesight. (SInv)
You cover ground extremely quickly. (Speed+++)


Message History

Ijyb zaps a wand.
The puff of flame hits you!
Aiming: Sting (safe; 4% risk of failure)
Press: ? - help, Q - select action, (/) - cycle Shift-Dir - straight line, f/p - Ijyb
Aim: Ijyb, wielding a +0 dagger, wearing a +0 leather armour and carrying a wand of flame (17) (64% to hit)
The sting misses Ijyb.
Ijyb hits you with a +0 dagger.
Aiming: Sting (safe; 4% risk of failure)
Press: ? - help, Q - select action, (/) - cycle Shift-Dir - straight line, f/p - Ijyb
Aim: Ijyb, wielding a +0 dagger, wearing a +0 leather armour and carrying a wand of flame (17) (64% to hit)
The sting hits Ijyb but does no damage.
Ijyb is poisoned.
Ijyb zaps a wand.
The puff of flame hits you!
* * * LOW HITPOINT WARNING * * *
Your magical contamination has completely faded away.
Casting: Sting (safe; 4% risk of failure)
Confirm with . or Enter, or press ? or * to list all spells.
Aiming: Poisonous Vapours (safe; 11% risk of failure)
Press: ? - help, Dir - move target, f/p - Ijyb
Aim: Ijyb, wielding a +0 dagger, wearing a +0 leather armour and carrying a wand of flame (16) (lightly wounded, poisoned) Poisonous vapours surround Ijyb!
Ijyb looks even sicker.
Ijyb screams, "No!
No, no, no, no!"
Casting: Poisonous Vapours (safe; 11% risk of failure)
Confirm with . or Enter, or press ? or * to list all spells.
Aiming: Poisonous Vapours (safe; 11% risk of failure)
Press: ? - help, Dir - move target, f/p - Ijyb
Aim: Ijyb, wielding a +0 dagger, wearing a +0 leather armour and carrying a wand of flame (16) (moderately wounded, very poisoned) Poisonous vapours surround Ijyb!
Ijyb looks even sicker.
Ijyb zaps a wand.
The puff of flame misses you.
There is an open door here.
You see here 6 stones.
You close the door.
You start resting.
Ijyb the Twisted Goblin opens the door.
She is wielding a +0 dagger and carrying a wand of flame (15).
Aiming: Sting (safe; 4% risk of failure)
Press: ? - help, Q - select action, (/) - cycle Shift-Dir - straight line, f/p - Ijyb
Aim: Ijyb, wielding a +0 dagger, wearing a +0 leather armour and carrying a wand of flame (15) (heavily wounded, poisoned, 64% to hit)
The sting misses Ijyb.
Ijyb looks more healthy.
Ijyb screams, "You nasty!
Big nasty!"
Ijyb zaps a wand.
The puff of flame hits you!
You die...

#.....# #.# #.#
#.###.######.# #.##
#............# #...
#####'#####..# ####
#.(...# #..#
#.g...# #..########
#.....###..........
#.....#.....######.
#.@...#.....# #.
#...).#..g..# #.
#.....###.### #.
###.#####.########.
##................
#...###.#####.##++
#.[.........###KWK
#...#..####.##KK#K
#......... #⌠K#.


You could see Ijyb.

Vanquished Creatures
  A hound (D:3)
  A gnoll (D:1)
  A worm (D:3)
  4 ball pythons
  3 endoplasms
  2 giant cockroaches (D:1)
  7 goblins
  5 hobgoblins
  2 quokkas
  A bat (D:3)
  A frilled lizard (D:1)
  5 kobolds
  3 rats
36 creatures vanquished.

Vanquished Creatures (others)
  3 fungi (D:3)
  2 plants
5 creatures vanquished.

Grand Total: 41 creatures vanquished

Notes
Turn   | Place    | Note
-------+----------+-------------------------------------------
     0 | D:1      | raph the Spriggan Venom Mage began the quest for the Orb.
     0 | D:1      | Reached XP level 1. HP: 9/9 MP: 5/5
   453 | D:1      | Reached XP level 2. HP: 13/13 MP: 4/6
   705 | D:1      | Found a faded altar of an unknown god.
   930 | D:2      | Reached XP level 3. HP: 16/16 MP: 6/8
   995 | D:2      | Learned a level 2 spell: Poisonous Vapours
   999 | D:2      | Learned a level 3 spell: Mephitic Cloud
  2074 | D:3      | Reached skill level 4 in Stealth
  2074 | D:3      | Reached XP level 4. HP: 21/21 MP: 8/10
  2251 | D:3      | Found a runed translucent gate.
  2252 | D:3      | Found a runed translucent gate.
  2253 | D:3      | Found a runed translucent gate.
  2254 | D:3      | Noticed a kobold brigand
  2256 | D:3      | Noticed Ymberto's ghost (amateur HOFi)
  2360 | D:3      | Noticed Ijyb
  2361 | D:3      | Identified the +1 pair of gloves of Words of Power {Fly
                  | rN+}
  2408 | D:3      | Killed from afar by Ijyb

Illustrated notes

Levels and vault maps discovered:
D:1:      scummos_arrival_simple_crosswalls, layout_loops_ring,
          dilly_ecumenical_altar_fadedgnrine, serial_bayou_pond_c
D:2:      layout_basic
D:3:      layout_basic, gammafunk_ghost_nasty_kobolds, portal_sewer_entry_e,
          due_unseen_surprise, uniq_ijyb

Skill      XL: |  1  2  3 |
---------------+----------+-----
Dodging        | 3 |  3.4
Spellcasting   | 3 |  3.3
Transmutations | 2 |  2.5
Stealth        | 4 |  4.0
Air Magic      | |  0.5
Poison Magic   | |  3.4

Action                   |  1- 3 |  4- 6 || total
-------------------------+-------+-------++-------
Melee: Dagger            |    24 |     2 ||    26
       Hand axe          |     1 |       ||     1
 Cast: Sting             |    32 |     7 ||    39
       Poisonous Vapours |     2 |     2 ||     4
  Use: Scroll            |     7 |     5 ||    12
 Stab: Sleeping          |     6 |     1 ||     7
Armor: Robe              |     2 |       ||     2
Dodge: Dodged            |    21 |     1 ||    22

Table legend: (Time is in decaauts)
 A = Elapsed time spent in this place.
 B = Non-inter-level travel time spent in this place.
 C = Inter-level travel time spent in this place.
 D = Time resting spent in this place.
 E = Time spent auto-exploring this place.
 F = Levels seen in this place.
 G = Mean time per level.
                   A        B        C        D        E       F      G
               +--------+--------+--------+--------+--------+-----+--------+
         Total |   1716 |   1701 |     15 |    357 |   1008 |   3 |  572.0 |
       Dungeon |   1716 |   1701 |     15 |    357 |   1008 |   3 |  572.0 |
               +--------+--------+--------+--------+--------+-----+--------+

Top non-repeatable levels by time:
     D:1: 691 daAuts
     D:2: 586 daAuts
     D:3: 438 daAuts
